Map: Para Site LE

Players

TYTY (TY)

  • Race: Terran Terran
  • Spawn Location: 5:00

Lambo - Winner!

  • Race: Zerg Zerg
  • Spawn Location: 11:00

Event: 2018 WCS Global Finals

VOD

Have the link to the VOD?

Description

Time

  • Played on: Oct. 28, 2018, 11:51 a.m.
  • Length: 12:34

All games in this series

Show
View Real Time Build Order
Export as new Build Order

TYTY Terran 

Build Orders: Liberator Opening, Reaper Expand, Mech 

Get SALT Encoding   

  12  0:00  SCV  
  13  0:13  SCV  
  14  0:17  Supply Depot  
  14  0:25  SCV  
  15  0:38  SCV  
  15  0:40  Barracks  
  16  0:44  Refinery  
  16  0:51  SCV  
  17  1:03  SCV  
  18  1:15  SCV  
  19  1:27  Reaper  
  19  1:28  Orbital Command  
  20  1:40  Command Center  
  20  1:49  Supply Depot  
  20  1:53  SCV  
  21  1:59  Marine  
  22  2:04  Factory  
  22  2:08  SCV  
  23  2:13  Refinery  
  23  2:20  SCV  
  24  2:23  Barracks Reactor  
  24  2:32  SCV  
  25  2:44  SCV  
  25  2:51  Starport  
  26  2:52  Orbital Command  
  26  2:56  SCV  
  27  3:02  Hellion x2  
  27  3:05  Barracks Tech Lab  
  31  3:08  SCV  
  32  3:17  SCV  
  33  3:20  SCV  
  33  3:23  Hellion  
  33  3:24  Hellion  
  38  3:28  Viking, Supply Depot  
  38  3:30  SCV  
  41  3:35  SCV  
  41  3:41  Liberator, Supply Depot  
  42  3:42  SCV  
  43  3:50  SCV  
  43  3:54  SCV  
  45  3:56  Hellion x2  
  52  4:03  SCV  
  54  4:15  Command Center, SCV  
  54  4:18  SCV  
  54  4:20  Supply Depot  
  55  4:26  Supply Depot  
  55  4:27  SCV  
  55  4:28  Hellion  
  55  4:30  Hellion  
  55  4:31  SCV  
  61  4:39  SCV  
  61  4:43  SCV  
  63  4:48  Raven  
  63  4:50  Refinery  
  63  4:51  SCV  
  63  4:52  Hellion x2  
  70  4:58  SCV  
  71  5:04  SCV  
  72  5:10  SCV, Supply Depot  
  72  5:12  Refinery  
  72  5:13  Hellion  
  72  5:14  Hellion  
  77  5:15  Factory x2  
  77  5:16  SCV  
  75  5:22  SCV  
  76  5:28  SCV  
  76  5:35  Hellion  
  77  5:36  SCV, Barracks Tech Lab  
  77  5:37  Orbital Command  
  77  5:38  Armory  
  77  5:39  Armory  
  77  5:40  SCV  
  78  5:44  Starport Reactor  
  78  5:47  Hellion  
  78  5:48  SCV  
  81  5:54  SCV  
  81  5:56  Hellion  
  84  6:00  Orbital Command, SCV  
  85  6:06  SCV  
  86  6:12  SCV  
  86  6:16  Supply Depot  
  89  6:21  SCV  
  89  6:24  SCV  
  89  6:26  Thor, SCV  
  89  6:29  Refinery  
  96  6:32  Refinery  
  96  6:33  SCV  
  96  6:37  SCV  
  96  6:38  Thor  
  96  6:39  Medivac x2  
  108  6:40  SCV  
  108  6:42  Supply Depot x2  
  108  6:46  Terran Vehicle Weapons Level 1  
  109  6:48  Supply Depot  
  109  6:53  Terran Vehicle And Ship Armor Level 1  
  109  6:58  Supply Depot  
  109  7:04  SCV x3, Hellion x2  
  116  7:12  Command Center  
  116  7:13  Siege Tank  
  119  7:16  SCV x3  
  119  7:21  Siege Tank  
  125  7:25  Hellion  
  125  7:28  SCV  
  128  7:30  SCV x2  
  128  7:35  Infernal Pre-Igniter, Factory  
  130  7:37  Supply Depot  
  130  7:38  Barracks Tech Lab, Factory  
  130  7:40  Hellion  
  130  7:41  Supply Depot  
  132  7:46  Command Center  
  132  7:48  Siege Tank  
  135  7:53  Hellion  
  135  7:54  Siege Tank  
  135  7:55  SCV  
  141  7:58  SCV  
  140  8:09  Hellion, SCV  
  133  8:15  Starport Reactor  
  133  8:16  Hellion, SCV  
  133  8:17  SCV  
  129  8:20  Siege Tank  
  129  8:24  Hellion  
  129  8:26  Engineering Bay, Siege Tank  
  137  8:34  Hellion  
  139  8:37  Liberator x2  
  139  8:39  Hellion x2  
  143  8:42  SCV x2  
  143  8:44  SCV  
  143  8:46  Orbital Command  
  143  8:48  Hellion x2  
  154  8:56  Sensor Tower  
  154  9:00  Hellion x2  
  158  9:05  Hellion, Siege Tank x2  
  158  9:09  Hellion, Refinery  
  168  9:10  Hellion  
  168  9:11  Orbital Command  
  168  9:13  Refinery  
  168  9:15  Supply Depot  
  168  9:16  Supply Depot  
  170  9:18  Sensor Tower  
  170  9:20  Liberator  
  170  9:30  Supply Depot x2  
  170  9:37  Hellion x4  
  170  9:38  Hellion  
  183  9:41  Siege Tank  
  183  9:42  Siege Tank  
  183  9:43  SCV x2  
  183  9:45  SCV x2  
  164  9:55  SCV x2  
  164  9:57  SCV x2  
  164  9:59  Hellion x5  
  165  10:07  SCV  
  170  10:14  Hellion x2, Factory  
  170  10:15  Factory  
  170  10:20  Hellion  
  172  10:28  Siege Tank  
  155  10:29  Hellion x2  
  155  10:34  Medivac x2  
  155  10:35  Siege Tank  
  159  10:39  SCV x2  
  159  10:40  SCV  
  160  10:44  Sensor Tower  
  160  10:46  Hellion x2, Siege Tank  
  167  10:52  Hellion x2  
  167  10:53  Command Center  
  173  11:00  Siege Tank  
  173  11:07  Hellion  
  173  11:08  Hellion  
  173  11:09  Sensor Tower  
  160  11:20  Siege Tank  
  160  11:21  Medivac, Hellion x2  
  160  11:22  Medivac  
  160  11:23  SCV x2  
  160  11:25  SCV  
  153  11:27  Hellion  
  153  11:28  Siege Tank  
  153  11:32  Siege Tank  
  156  11:38  Missile Turret, Factory Reactor, Hellbat  
  156  11:39  Factory Tech Lab  
  156  11:42  SCV x3  
  156  11:43  Hellbat, Hellion  
  158  11:48  Hellion  
  158  11:52  SCV, Siege Tank  
  165  11:54  SCV  
  165  11:57  Viking  
  165  11:58  Refinery  
  165  11:59  Hellion, Refinery  
  165  12:00  Siege Tank  
  172  12:03  Refinery  
  172  12:04  Hellion  
  141  12:21  SCV x2  
Show
View Real Time Build Order
Export as new Build Order

Lambo Zerg - Winner!

Build Orders: Hatch First, Roach Hydra, Swarm Host 

Get SALT Encoding   

  12  0:00  Drone  
  13  0:12  Overlord  
  13  0:19  Drone  
  14  0:31  Drone x2  
  16  0:48  Hatchery  
  15  0:51  Drone  
  15  0:55  Drone  
  17  0:58  Drone  
  18  1:09  Extractor  
  17  1:13  Spawning Pool  
  17  1:17  Drone  
  17  1:19  Drone  
  18  1:28  Drone  
  19  1:39  Drone  
  20  1:49  Overlord  
  20  2:00  Queen x2  
  25  2:01  Zergling x4  
  26  2:08  Metabolic Boost  
  26  2:11  Drone x2  
  28  2:24  Drone x2  
  30  2:36  Hatchery  
  29  2:41  Drone  
  30  2:48  Drone  
  30  2:49  Pneumatized Carapace, Drone  
  32  2:54  Overlord  
  32  2:59  Drone  
  32  3:02  Drone  
  32  3:05  Drone x2  
  36  3:14  Drone x2, Queen  
  36  3:18  Overlord  
  40  3:20  Drone  
  40  3:24  Drone  
  42  3:27  Drone  
  43  3:35  Drone  
  43  3:36  Queen  
  43  3:38  Drone  
  47  3:44  Zergling x6  
  50  3:49  Zergling x2  
  50  3:52  Drone x2  
  50  3:53  Queen  
  55  3:56  Queen  
  55  3:59  Overlord  
  55  4:00  Drone  
  58  4:02  Baneling Nest  
  58  4:03  Drone  
  58  4:12  Overlord  
  58  4:13  Overlord  
  58  4:15  Overlord  
  58  4:23  Overlord, Drone, Spore Crawler  
  58  4:32  Zergling x2  
  58  4:34  Queen  
  58  4:35  Drone x2  
  63  4:41  Drone x4  
  63  4:44  Overlord  
  63  4:45  Drone x2  
  69  4:46  Baneling x3  
  69  4:51  Baneling, Drone x4  
  72  4:53  Drone  
  72  4:56  Drone  
  74  5:01  Lair, Spore Crawler  
  74  5:04  Drone x2  
  74  5:05  Drone  
  76  5:09  Drone x3  
  76  5:10  Extractor  
  76  5:11  Extractor  
  76  5:13  Drone x2  
  79  5:15  Drone x2  
  79  5:17  Overlord  
  77  5:22  Drone  
  78  5:29  Drone x3  
  78  5:32  Drone  
  78  5:34  Drone x2  
  83  5:37  Drone x2  
  83  5:41  Evolution Chamber x2  
  83  5:43  Drone  
  83  5:45  Extractor  
  83  5:46  Extractor  
  83  5:47  Drone x3  
  85  5:50  Hatchery  
  85  5:51  Zergling x2  
  85  5:52  Zergling x4  
  85  5:53  Drone x3  
  90  5:59  Extractor  
  90  6:00  Overlord  
  90  6:02  Drone  
  90  6:04  Drone  
  90  6:09  Drone x3  
  94  6:13  Zerg Ground Armor Level 1  
  94  6:19  Drone  
  94  6:20  Drone x2  
  94  6:21  Zergling x12  
  103  6:32  Hydralisk Den  
  102  6:33  Roach Warren  
  102  6:34  Extractor  
  102  6:35  Overlord  
  102  6:36  Drone x2  
  102  6:37  Extractor  
  101  6:40  Infestation Pit  
  101  6:41  Drone x2  
  102  6:47  Drone  
  102  6:48  Drone x3  
  102  6:50  Overlord  
  102  6:53  Overlord x2  
  106  6:58  Zerg Missile Weapons Level 1  
  106  6:59  Overlord  
  106  7:01  Overlord  
  106  7:02  Overlord  
  106  7:03  Overlord  
  106  7:06  Overlord  
  106  7:08  Grooved Spines  
  106  7:09  Overlord  
  106  7:10  Hydralisk x4  
  114  7:17  Glial Reconstitution  
  114  7:18  Roach x5  
  118  7:32  Roach x4  
  118  7:36  Swarm Host x6  
  144  7:39  Roach x2  
  148  7:45  Swarm Host x3  
  148  7:50  Overseer  
  157  7:52  Roach x4  
  165  8:01  Roach  
  165  8:02  Roach x2, Zergling x6  
  164  8:07  Roach x4  
  164  8:11  Roach x3  
  166  8:17  Swarm Host x3  
  166  8:19  Muscular Augments  
  175  8:26  Hatchery  
  174  8:28  Swarm Host x3  
  183  8:37  Roach x4  
  191  8:43  Overlord  
  191  8:44  Overlord  
  191  8:49  Overlord  
  191  8:51  Overlord  
  186  8:56  Overlord  
  186  8:59  Spine Crawler  
  186  9:02  Spine Crawler x2  
  183  9:04  Ravager  
  183  9:05  Ravager x6, Swarm Host x3  
  183  9:08  Zerg Missile Weapons Level 2  
  199  9:22  Spine Crawler  
  198  9:45  Hydralisk  
  198  9:46  Hydralisk  
  198  9:52  Hydralisk x4  
  191  9:57  Roach  
  191  10:06  Hive  
  191  10:07  Roach x4  
  199  10:18  Roach x3  
  199  10:19  Extractor  
  199  10:22  Extractor  
  199  10:26  Roach  
  200  10:31  Roach  
  194  10:41  Ravager x3  
  194  10:42  Ravager x5  
  200  11:04  Roach x3  
  197  11:18  Roach  
  197  11:22  Roach  
  197  11:23  Roach x9  
  192  11:29  Hydralisk  
  192  11:30  Roach x9  
  192  11:34  Ravager x3  
  192  11:39  Roach x2  
  192  11:48  Drone x7  
  199  12:06  Roach x2  
  199  12:11  Roach x3  
Tags
 
Add a new tag
Caveats
  • Supply blocks, unpowered buildings, or Contaminate may cause inaccurate times.
  • Supply counts are checked every 10 seconds.